Map: Arctic Dream LE

Players

Shiro - Winner!

  • Race: Protoss Protoss
  • Spawn Location: 12:00

A.I. 1 (Very Easy)

  • Race: Terran Terran
  • Spawn Location: 5:00

VOD

Have the link to the VOD?

Description

Time

  • Played on: May 2, 2020, 11:37 a.m.
  • Length: 9:15
Show
View Real Time Build Order
Export as new Build Order

Shiro Protoss - Winner!

Build Orders: Nexus First, Blink Stalkers 

Get SALT Encoding   

  12  0:01  Probe  
  13  0:13  Probe  
  14  0:17  Pylon  
  14  0:25  Probe (Chrono Boost)  
  15  0:38  Probe (Chrono Boost)  
  16  0:45  Probe (Chrono Boost)  
  17  0:58  Nexus  
  17  1:07  Gateway  
  17  1:14  Assimilator  
  17  1:15  Probe (Chrono Boost)  
  18  1:23  Assimilator  
  18  1:25  Probe (Chrono Boost)  
  19  1:29  Probe (Chrono Boost)  
  20  1:41  Probe  
  21  1:53  Probe  
  22  1:55  Cybernetics Core  
  22  2:06  Probe (Chrono Boost)  
  23  2:10  Probe (Chrono Boost)  
  25  2:17  Probe (Chrono Boost)  
  25  2:19  Probe (Chrono Boost)  
  25  2:22  Probe (Chrono Boost)  
  26  2:24  Probe (Chrono Boost)  
  26  2:28  Warp Gate (Chrono Boost)  
  28  2:32  Stalker, Twilight Council, Probe  
  28  2:36  Probe  
  32  2:39  Pylon  
  32  2:44  Probe  
  33  2:48  Probe  
  33  2:50  Robotics Facility  
  34  2:56  Probe  
  35  3:00  Probe  
  36  3:08  Probe  
  36  3:09  Blink (Chrono Boost)  
  38  3:12  Probe  
  38  3:17  Gateway  
  38  3:20  Probe  
  38  3:24  Gateway  
  38  3:25  Probe (Chrono Boost)  
  40  3:29  Stalker  
  43  3:37  Probe (Chrono Boost)  
  44  3:47  Gateway  
  43  3:50  Gateway  
  43  3:52  Gateway  
  43  3:55  Gateway  
  43  3:57  Gateway  
  43  3:58  Warp Prism  
  45  4:05  Assimilator  
  45  4:10  Pylon  
  45  4:12  Pylon  
  45  4:14  Probe  
  46  4:21  Assimilator  
  46  4:28  Probe  
  46  4:29  Stalker x3  
  53  4:42  Probe x2  
  55  4:45  Pylon  
  55  4:46  Pylon  
  55  4:51  Stalker x3  
  61  4:54  Probe  
  62  5:13  Stalker  
  62  5:14  Stalker x3  
  68  5:15  Stalker x2  
  68  5:16  Stalker  
  68  5:19  Pylon  
  76  5:26  Pylon  
  76  5:35  Stalker  
  78  5:39  Stalker x3  
  78  5:42  Stalker  
  86  5:52  Stalker x2  
  86  5:54  Stalker  
  92  5:59  Pylon  
  92  6:02  Pylon  
  92  6:06  Stalker  
  94  6:18  Stalker  
  94  6:19  Stalker x2  
  94  6:20  Stalker  
  102  6:29  Stalker x2  
  102  6:32  Stalker  
  108  6:38  Pylon  
  108  6:39  Pylon  
  108  6:43  Stalker  
  110  6:57  Stalker x3  
  110  6:59  Stalker  
  118  7:02  Stalker  
  118  7:07  Stalker  
  122  7:13  Stalker  
  124  7:30  Stalker  
  126  7:39  Pylon  
  126  7:40  Pylon  
  126  7:58  Stalker  
  126  7:59  Stalker x4  
  126  8:00  Stalker x3  
  142  8:06  Pylon x2  
  142  8:24  Stalker x5  
  142  8:25  Stalker  
  154  8:38  Stalker x2  
  158  8:56  Pylon  
  158  8:58  Pylon  
Show
View Real Time Build Order
Export as new Build Order

A.I. 1 (Very Easy) Terran 

Build Orders:  

Get SALT Encoding   

  12  0:00  SCV  
  13  0:13  SCV  
  14  0:17  Supply Depot  
  14  0:37  Refinery  
  14  0:43  Barracks  
  14  1:02  Supply Depot  
  14  1:11  Refinery  
  14  1:30  Marine  
  15  1:33  Orbital Command  
  15  1:49  Barracks Tech Lab  
  15  1:59  SCV  
  16  2:11  SCV  
  16  2:12  Marine  
  18  2:23  SCV  
  19  2:35  SCV  
  20  2:47  SCV  
  21  2:55  Marauder  
  23  2:59  SCV  
  24  6:26  SCV, Marine  
  24  6:28  Supply Depot  
  24  6:31  Factory  
  26  6:32  Command Center  
  26  6:38  SCV  
  27  6:50  SCV  
  27  6:51  Supply Depot  
  28  6:59  Marine  
  29  7:02  SCV  
  30  7:18  Starport  
  30  7:31  Marine  
  27  7:44  SCV  
  27  7:47  Refinery  
  28  7:51  SCV  
  28  7:54  Refinery  
  28  7:57  Starport Tech Lab  
  26  7:59  SCV  
  26  8:03  Marine  
  28  8:06  SCV  
  29  8:13  SCV  
  32  8:20  SCV  
  31  8:27  SCV  
  27  8:34  SCV  
  18  8:53  Supply Depot  
Tags
 
Add a new tag
Caveats
  • Supply blocks, unpowered buildings, or Contaminate may cause inaccurate times.
  • Supply counts are checked every 10 seconds.